[Event "WTCC-65 2018"]
[Site "Radebeul"]
[Date "2018.07.09"]
[Round "3"]
[White "Huss, Andreas"]
[Black "Zimmermann, Rolf"]
[Result "1/2-1/2"]
[ECO "D63"]
[WhiteElo "2276"]
[BlackElo "2165"]
[Annotator "NA"]
[PlyCount "114"]
[EventDate "2018.07.07"]
[EventType "team-tourn"]
[EventCountry "GER"]
[SourceTitle "playchess.com"]
[Source "ChessBase"]
[SourceQuality "1"]
[TimeControl "40/5400+30:1800+30"]

1. d4 d5 2. c4 e6 3. Nf3 Nf6 4. Nc3 Be7 5. Bg5 {[%emt 0:00:10] LiveBook: 12112 Games} O-O 6. e3 c6 7. Rc1 Nbd7 8. a3 b6 {[%emt 0:01:44] D63: Damengambit (Hauptvariante mit 7.Tc1)} (8... h6 9. Bh4 Ne4 10. Bxe7 Nxc3 11. Rxc3 Qxe7 12. Qc2 Re8 13. Be2 dxc4 14. Rxc4 e5 15. O-O e4 16. Nd2 Nf6 17. Rc5 Nd7 18. Rh5 Qe6 19. f3 exf3 20. Rxf3 {1-0 (53) Laznicka,V (2674)-Kryvoruchko,Y (2679) Czechia 2012}) 9. Bd3 dxc4 10. Bxc4 Nd5 $146 ({Vorgänger:} 10... h6 11. Bh4 Nh5 12. Bxe7 Qxe7 13. Ne4 Nhf6 14. Bd3 Bb7 15. b4 Rfc8 16. Ne5 Nxe5 17. dxe5 Nxe4 18. Bxe4 {0-1 (24) Schucman,R (1696)-De Mello,J Sao Paulo 2013}) 11. Bxe7 Nxc3 12. Rxc3 Qxe7 13. Qc2 Bb7 14. Bd3 f5 15. O-O c5 16. Be2 Rac8 17. Rc1 g5 ({Better is} 17... Nf6 $11) 18. dxc5 Be4 19. Qd1 Rxc5 20. b4 Rxc3 21. Rxc3 Bxf3 $1 22. Bxf3 Ne5 23. Be2 Rd8 24. Qc2 Qd6 25. h3 Qd2 26. Kf1 Qxc2 27. Rxc2 Rd7 28. f4 gxf4 29. exf4 Ng6 30. g3 Kg7 31. Bb5 Re7 32. Bd3 Kf6 33. Rc6 Kg7 34. h4 h6 35. Kf2 Nf8 36. Ke3 Rd7 37. a4 Kf7 38. a5 bxa5 39. bxa5 Ke7 40. a6 Kd8 41. Rc5 Rc7 42. Rb5 Nd7 43. Kd4 Ke7 44. Rb7 Rxb7 45. axb7 Kd6 46. Bb5 Nb8 47. h5 a5 48. Ba4 Kc7 $2 (48... Na6 49. Be8 Kc7) 49. Ke5 Na6 50. Kf6 Nc5 51. Bb5 Ne4+ 52. Kg6 Nxg3 53. Kxh6 Kxb7 54. Kg6 Nxh5 55. Kxh5 Kc7 56. Kg5 Kd6 57. Kf6 $11 Kd5 {[%emt 0:00:32] Ke5+ Ke4+} 1/2-1/2

[Event "WTCC-65 2018"]
[Site "Radebeul"]
[Date "2018.07.09"]
[Round "3"]
[White "Povah, Nigel E"]
[Black "Steedman, James"]
[Result "1-0"]
[ECO "A45"]
[WhiteElo "2245"]
[BlackElo "2132"]
[Annotator "NA"]
[PlyCount "57"]
[EventDate "2018.07.07"]
[EventType "team-tourn"]
[EventCountry "GER"]
[SourceTitle "playchess.com"]
[Source "ChessBase"]
[SourceQuality "1"]
[TimeControl "40/5400+30:1800+30"]

1. d4 Nf6 2. Bg5 d5 3. e3 c5 4. c3 Qb6 5. Qc2 cxd4 6. exd4 Nc6 7. Nd2 e6 8. Ngf3 Bd6 9. Bd3 h6 10. Bh4 (10. Bxf6 $5 gxf6 11. O-O $11) 10... Bd7 11. Bg3 Bxg3 12. hxg3 Rc8 13. Qb3 Qxb3 14. axb3 a6 15. b4 Ke7 16. Nb3 Ne8 17. Nc5 Nd6 $16 18. Ne5 Be8 19. Kd2 Nd8 20. g4 f6 21. Ng6+ Bxg6 22. Bxg6 e5 23. Rae1 Ne6 24. b3 e4 25. Nxe6 Kxe6 26. f3 Rc7 27. fxe4 dxe4 28. c4 b6 29. Bxe4 {[%emt 0:00:00] Kd5} 1-0

[Event "WTCC-65 2018"]
[Site "Radebeul"]
[Date "2018.07.09"]
[Round "3"]
[White "Kargoll, Herbert"]
[Black "Bernard, Christophe"]
[Result "1-0"]
[ECO "B52"]
[WhiteElo "2230"]
[BlackElo "2253"]
[Annotator "NA"]
[PlyCount "160"]
[EventDate "2018.07.07"]
[EventType "team-tourn"]
[EventCountry "GER"]
[SourceTitle "playchess.com"]
[Source "ChessBase"]
[SourceQuality "1"]
[TimeControl "40/5400+30:1800+30"]

1. e4 c5 2. Nf3 d6 3. Bb5+ Bd7 4. Bxd7+ Qxd7 5. c4 Nf6 6. Nc3 {[%emt 0:00:00] LiveBook: 1028 Games} Nc6 7. d4 cxd4 8. Nxd4 e6 9. O-O Be7 10. b3 O-O {[%emt 0:00:13] B52: Sicilian: Moscow Variation with 3...Bd7} 11. Be3 a6 (11... Rfd8 12. Qe2 a6 13. Rfd1 Rab8 14. Rac1 b6 15. Nxc6 Qxc6 16. f3 Qb7 17. a4 Rbc8 18. Bd4 Nd7 19. Qf2 Bf8 20. Rb1 Qc7 {½-½ (20) Spasov,V (2546)-Georgiev,K (2626) Palic 2014}) 12. Qe2 Rab8 13. a4 $146 ({Predecessor:} 13. Rfd1 Rfc8 14. Rac1 b6 15. f4 Qb7 16. Kh1 Nxd4 17. Bxd4 Rc6 18. e5 dxe5 19. fxe5 {0-1 (37) Shabanov,Y (2395)-Gurevich,V (2400) Uzhgorod 1988}) 13... Qc7 14. f3 Nd7 15. Rab1 Bf6 16. Qd2 Rfd8 17. Rfc1 Nxd4 18. Bxd4 Bxd4+ 19. Qxd4 Qc5 20. Rd1 Kf8 21. Kf1 Qxd4 22. Rxd4 Ne5 23. Ke2 Ke7 24. Rd2 Rbc8 25. f4 Nc6 26. b4 a5 27. bxa5 Nxa5 28. Kd3 Rd7 29. Rb4 Rdc7 30. Nb5 Rxc4 31. Rdb2 Rxb4 32. Rxb4 Nc6 33. Rb2 Ra8 34. Nc3 Ra7 35. Kc4 Kd7 36. Rb6 Kc7 37. Rb2 Ra6 38. Nb5+ Kd7 39. Nc3 Na5+ 40. Kb5 Kc7 41. Kb4 Nc6+ 42. Kc4 Ne7 43. Rd2 d5+ 44. Kb4 dxe4 45. Nxe4 Nd5+ 46. Kb3 Rb6+ 47. Ka3 h6 48. g3 Rc6 49. Kb3 f5 50. Nf2 Rc3+ 51. Kb2 Rc4 52. Kb3 Rb4+ 53. Ka3 Rb1 54. Nd3 b6 55. Rc2+ Kb7 56. Ne5 Re1 57. Nc4 Ka6 58. Kb3 Ne3 59. Nxe3 Rxe3+ 60. Kb4 Re4+ 61. Kb3 g5 62. fxg5 hxg5 63. Rc8 Re2 64. Ra8+ Kb7 65. Rh8 f4 66. gxf4 gxf4 67. Rf8 e5 68. h4 Kc6 69. h5 Rh2 $2 70. Rf6+ Kd5 71. h6 (71. Rxb6 Rxh5) 71... Rh3+ 72. Kc2 Kd4 73. Rxb6 Rh2+ 74. Kb3 f3 75. Rf6 e4 76. a5 Ke5 77. a6 Kxf6 78. a7 f2 79. a8=Q Rh3+ $18 (79... e3 {is a better defense.} 80. Qf3+ Kg6) 80. Kb4 Rf3 1-0

[Event "WTCC-65 2018"]
[Site "Radebeul"]
[Date "2018.07.09"]
[Round "3"]
[White "Oechslein, Rainer"]
[Black "Boidman, Yuri"]
[Result "0-1"]
[ECO "B01"]
[WhiteElo "2228"]
[BlackElo "2358"]
[Annotator "NA"]
[PlyCount "60"]
[EventDate "2018.07.07"]
[EventType "team-tourn"]
[EventCountry "GER"]
[SourceTitle "playchess.com"]
[Source "ChessBase"]
[SourceQuality "1"]
[TimeControl "40/5400+30:1800+30"]

1. e4 d5 2. exd5 Nf6 3. d4 Bg4 4. Nf3 Qxd5 {[%emt 0:00:09] LiveBook: 439 Games} 5. Be2 Nc6 6. h3 Qh5 7. O-O O-O-O 8. hxg4 Nxg4 9. Bf4 Qf5 10. Bg3 $18 h5 11. c3 e5 12. Na3 e4 13. Qc2 Qg6 14. Nc4 f5 15. Nh4 Qe6 16. f3 exf3 17. Rxf3 g6 18. Bd3 Kb8 19. Re1 Qg8 20. a4 Be7 21. b4 Bf6 22. b5 Ne7 23. Ne5 f4 24. Nhxg6 Nxg6 25. Nxg6 fxg3 26. Nxh8 Qxh8 27. Rxg3 Bh4 28. Ree3 Qh6 29. Ref3 Bxg3 30. Rxg3 Qf4 0-1

[Event "WTCC-65 2018"]
[Site "Radebeul"]
[Date "2018.07.09"]
[Round "3"]
[White "Nehmert, Ulrich"]
[Black "Sharif, Mehrshad"]
[Result "0-1"]
[ECO "D02"]
[WhiteElo "2220"]
[BlackElo "2353"]
[Annotator "NA"]
[PlyCount "68"]
[EventDate "2018.07.07"]
[EventType "team-tourn"]
[EventCountry "GER"]
[SourceTitle "playchess.com"]
[Source "ChessBase"]
[SourceQuality "1"]
[TimeControl "40/5400+30:1800+30"]

1. d4 d5 2. Nf3 Nf6 3. Bf4 c5 4. e3 Nc6 5. c3 Qb6 6. Qb3 c4 7. Qc2 Bf5 {[%emt 0:01:31] LiveBook: 423 Games} 8. Qc1 e6 9. h3 {[%emt 0:00:14] D02: Damenbauernspiele} Be7 10. Nbd2 O-O 11. g4 Bg6 12. Be2 $146 ({Vorgänger:} 12. Nh4 Be4 13. Rg1 Nd7 14. Nhf3 Bxf3 15. Nxf3 f6 16. Qc2 e5 {1-0 (30) Henriquez Villagra,C (2501)-Del Castilho,M (2239) Aguascalientes 2018}) 12... Rfc8 13. Kf1 Qd8 14. Kg2 b5 15. a3 a5 16. Ne5 ({Besser ist} 16. Nh4 $15) 16... Nxe5 17. Bxe5 b4 18. h4 bxa3 19. bxa3 Bd3 20. Qf1 (20. Bd1 $17) 20... Nxg4 21. Bxd3 cxd3 22. Qxd3 Nxe5 23. dxe5 Qc7 24. Nf3 $19 Qxc3 25. Qxc3 Rxc3 26. a4 Rc4 27. h5 Rb8 28. Nd4 h6 29. Rhc1 Rbc8 30. Rxc4 Rxc4 31. Kf3 Bc5 32. Nb5 Bb4 33. Rb1 Re4 34. Nd6 Rxe5 0-1

[Event "WTCC-65 2018"]
[Site "Radebeul"]
[Date "2018.07.09"]
[Round "3"]
[White "Shushpanov, Vladimir"]
[Black "Mueller Clostermann, Bruno"]
[Result "1-0"]
[ECO "B02"]
[WhiteElo "2198"]
[BlackElo "2114"]
[Annotator "NA"]
[PlyCount "120"]
[EventDate "2018.07.07"]
[EventType "team-tourn"]
[EventCountry "GER"]
[SourceTitle "playchess.com"]
[Source "ChessBase"]
[SourceQuality "1"]
[TimeControl "40/5400+30:1800+30"]

1. e4 Nf6 2. d3 e5 3. f4 exf4 4. Bxf4 Nc6 5. Nf3 d5 6. e5 Nh5 7. Qd2 Nxf4 8. Qxf4 Be7 9. d4 g5 10. Qe3 g4 11. Nfd2 Bf5 12. Bb5 O-O 13. O-O Bg5 14. Qc3 Ne7 15. Nb3 f6 16. N1d2 c6 17. Bd3 fxe5 18. dxe5 Qb6+ 19. Kh1 Bxd3 20. cxd3 Nf5 21. d4 Ne3 22. Rfe1 Nf5 23. Nc5 Rfe8 24. Qd3 Ng7 25. Ndb3 Re7 26. Rf1 a5 27. Qg3 h5 28. h4 a4 29. hxg5 axb3 30. axb3 Rxa1 31. Rxa1 Qd8 32. Rf1 b6 33. Nd3 Ne6 34. Rf6 Qe8 35. Qe3 Rg7 36. Nb4 Nxg5 37. Nxc6 Ne4 38. Rh6 Qf8 39. Kg1 g3 40. e6 Qe8 41. e7 Rg6 42. Qf4 Rxh6 43. Qxh6 Qf7 44. Qe3 Qf2+ 45. Qxf2 gxf2+ 46. Kf1 Kf7 47. Nb4 Kxe7 48. Nxd5+ Ke6 49. Nc3 Nd2+ 50. Kxf2 Nxb3 51. Ke3 Na5 52. Kf4 Nc4 53. b4 Kf6 54. Nd5+ Kg6 55. Ne3 Nd6 56. Ke5 Nf7+ 57. Ke6 Ng5+ 58. Ke7 h4 59. d5 Nf7 60. d6 Ne5 {[%emt 0:00:16] Kf6+ Kxf6} 1-0

[Event "WTCC-65 2018"]
[Site "Radebeul"]
[Date "2018.07.09"]
[Round "3"]
[White "Ulrichsen, Jarl Henning"]
[Black "Berry, Stephen H"]
[Result "1/2-1/2"]
[ECO "A21"]
[WhiteElo "2196"]
[BlackElo "2298"]
[Annotator "NA"]
[PlyCount "49"]
[EventDate "2018.07.07"]
[EventType "team-tourn"]
[EventCountry "GER"]
[SourceTitle "playchess.com"]
[Source "ChessBase"]
[SourceQuality "1"]
[TimeControl "40/5400+30:1800+30"]

1. c4 e5 2. Nc3 d6 3. e3 f5 4. d3 Nf6 5. g3 Be7 6. Bg2 O-O 7. Nge2 c6 8. O-O {[%emt 0:04:49] LiveBook: 48 Partien} Be6 9. b3 Nbd7 {[%emt 0:02:55] A21: English Opening: 1...e5 2 Nc3} 10. d4 (10. f4 Ng4 11. h3 Ngf6 12. fxe5 Nxe5 13. d4 Nf7 14. d5 Bd7 15. Nd4 Qc8 16. dxc6 bxc6 17. Qc2 {0-1 (39) Sivuk,V (2566)-Deepan Chakkravarthy,J (2478) Chennai 2016}) 10... Bf7 11. dxe5 $146 ({Predecessor:} 11. d5 Qc7 12. Bb2 Nc5 13. dxc6 bxc6 14. Qc2 Bg6 15. f4 Rab8 16. Rad1 Ng4 17. Bc1 {½-½ (34) Van Deursen,P (2027)-Lovholt,T (1949) Chessfriend.com 2005}) 11... dxe5 12. e4 fxe4 13. Nxe4 Nxe4 14. Bxe4 Nc5 15. Qxd8 Raxd8 16. Nc3 Nxe4 17. Nxe4 Bg6 18. Bg5 Bxg5 19. Nxg5 Rd2 $15 20. f4 exf4 21. Ne6 Be4 22. Nxf4 g5 23. Rae1 Rxf4 24. gxf4 Rg2+ 25. Kh1 1/2-1/2

[Event "WTCC-65 2018"]
[Site "Radebeul"]
[Date "2018.07.09"]
[Round "3"]
[White "Rosen, Willy"]
[Black "Faibisovich, Vadim Z"]
[Result "1/2-1/2"]
[ECO "B23"]
[WhiteElo "2161"]
[BlackElo "2312"]
[Annotator "NA"]
[PlyCount "82"]
[EventDate "2018.07.07"]
[EventType "team-tourn"]
[EventCountry "GER"]
[SourceTitle "playchess.com"]
[Source "ChessBase"]
[SourceQuality "1"]
[TimeControl "40/5400+30:1800+30"]

1. e4 c5 2. Nc3 Nc6 3. f4 g6 4. Nf3 Bg7 5. Bb5 Nd4 6. O-O Nxb5 7. Nxb5 d6 8. d3 Nf6 9. Nc3 O-O {[%emt 0:07:11] B23: Closed Sicilian: Lines without g3} 10. Qe1 e6 (10... Ne8) 11. Qh4 Nh5 12. g4 Qxh4 13. Nxh4 Nf6 14. g5 $146 ({Predecessor:} 14. h3 Ne8 15. f5 Bf6 16. g5 Bxc3 17. bxc3 exf5 18. exf5 {½-½ (48) Kelly,P (1857)-Bevan,P (1999) Cardiff 2016}) 14... Nh5 15. f5 Be5 16. f6 Bd7 17. Ne2 d5 18. Nf3 Bc7 19. e5 d4 20. Ng3 Nxg3 21. hxg3 Bc6 22. Bf4 Bxf3 23. Rxf3 h5 24. gxh6 Kh7 25. Re1 Rad8 26. g4 g5 27. Bg3 $11 Kg6 28. Rf2 Rh8 29. Rh2 Rxh6 30. Rxh6+ Kxh6 31. Kf2 Kg6 32. Kf3 Rh8 33. Ke4 Rh3 34. Rg1 Ba5 35. Kf3 Bd2 36. Kg2 Rh8 37. Rh1 Rxh1 38. Kxh1 Bc1 39. b3 b5 40. Kg2 b4 41. Kf3 Kh7 1/2-1/2

[Event "WTCC-65 2018"]
[Site "Radebeul"]
[Date "2018.07.09"]
[Round "3"]
[White "Sprotte, Norbert"]
[Black "Buchal, Stephan"]
[Result "1/2-1/2"]
[ECO "B08"]
[WhiteElo "2143"]
[BlackElo "2329"]
[Annotator "NA"]
[PlyCount "40"]
[EventDate "2018.07.07"]
[EventType "team-tourn"]
[EventCountry "GER"]
[SourceTitle "playchess.com"]
[Source "ChessBase"]
[SourceQuality "1"]
[TimeControl "40/5400+30:1800+30"]

1. d4 d6 2. e4 g6 3. Nc3 Bg7 4. h3 Nf6 5. Nf3 O-O 6. Be3 c6 7. a4 Qc7 8. Be2 e5 {[%emt 0:01:26] LiveBook: 15 Games} 9. dxe5 dxe5 10. O-O {[%emt 0:00:29] B08: Pirc Defence: Classical System} b6 (10... Nh5 11. Bc4 Nf4 12. Qb1 Qe7 13. Kh2 Qf6 14. Ng1 h5 15. b4 Nd7 16. a5 Re8 17. b5 Bf8 18. a6 Nc5 {0-1 (40) Jurcik,M (2473)-Matlakov,M (2707) Batumi 2018}) 11. Qc1 Bb7 $146 ({Predecessor:} 11... Ba6 12. Bxa6 Nxa6 13. Bh6 Nc5 14. Bxg7 Kxg7 15. Qg5 Nfd7 16. Rad1 {½-½ (92) Olsarova,K (2189)-Rakic,M (2270) Gaziantep 2012}) 12. Bh6 Nbd7 13. Bxg7 Kxg7 14. Qe3 a6 15. Nd2 b5 16. Bg4 Nxg4 17. hxg4 Rad8 18. Rfd1 b4 19. Ne2 $14 a5 20. Ng3 Ba6 1/2-1/2

[Event "WTCC-65 2018"]
[Site "Radebeul"]
[Date "2018.07.09"]
[Round "3"]
[White "Hilpert, Rainer"]
[Black "Illi, Hans Joerg"]
[Result "1-0"]
[ECO "E20"]
[WhiteElo "2127"]
[BlackElo "2063"]
[Annotator "NA"]
[PlyCount "57"]
[EventDate "2018.07.07"]
[EventType "team-tourn"]
[EventCountry "GER"]
[SourceTitle "playchess.com"]
[Source "ChessBase"]
[SourceQuality "1"]
[TimeControl "40/5400+30:1800+30"]

1. d4 Nf6 2. c4 e6 3. Nc3 Bb4 4. f3 d5 5. a3 Bxc3+ 6. bxc3 b6 7. cxd5 exd5 8. e3 O-O 9. Bd3 Ba6 10. Bxa6 Nxa6 11. Ne2 c5 12. O-O Re8 13. Ra2 Qd7 14. Ng3 Rac8 15. Re2 cxd4 16. cxd4 Rc4 17. Bb2 Qc6 18. Rfe1 Nc7 19. e4 g6 20. e5 Nd7 21. f4 Ne6 22. f5 Ng7 23. Rf2 Qa4 24. Qf3 Qc6 25. Ref1 Rf8 26. h4 h5 27. Qd3 gxf5 28. Nxf5 Qe6 29. Qg3 1-0

[Event "WTCC-65 2018"]
[Site "Radebeul"]
[Date "2018.07.09"]
[Round "3"]
[White "Krueger, Erich"]
[Black "Karasev, Vladimir I"]
[Result "0-1"]
[ECO "A40"]
[WhiteElo "2126"]
[BlackElo "2337"]
[Annotator "NA"]
[PlyCount "98"]
[EventDate "2018.07.07"]
[EventType "team-tourn"]
[EventCountry "GER"]
[SourceTitle "playchess.com"]
[Source "ChessBase"]
[SourceQuality "1"]
[TimeControl "40/5400+30:1800+30"]

1. d4 g6 2. c4 Bg7 3. e4 Nc6 4. Nf3 d6 5. d5 {[%emt 0:01:21] A40: Unusual replies to 1 d4} (5. Be2 Bg4 6. Be3 Bxf3 7. Bxf3 e5 8. d5 Nd4 9. Bxd4 exd4 10. O-O Ne7 11. Nd2 O-O 12. Rb1 c6 13. Be2 f5 14. exf5 Nxf5 15. dxc6 bxc6 16. b4 Kh8 17. Bd3 Rb8 {½-½ (72) Giri,A (2734)-Nepomniachtchi,I (2721) Beijing 2013}) 5... Nb8 6. Be2 c5 7. O-O Bg4 $146 ({Predecessor:} 7... Nf6 8. Nc3 O-O 9. h3 a6 10. Be3 Nbd7 11. Qd2 Rb8 12. a4 Qa5 13. Bh6 Qb4 14. Bxg7 Kxg7 15. Ne1 Ne5 16. Nc2 Nxc4 17. Qd3 {½-½ (39) Thorsteins,K (2370)-Ivkovic,D Bela Crkva 1983}) 8. h3 Bxf3 9. Bxf3 Nd7 10. Qc2 Bh6 11. Bxh6 Nxh6 12. Qd2 Ng8 13. Nc3 h6 14. Be2 (14. Bd1 $16) 14... g5 15. f4 gxf4 16. Rxf4 Ne5 17. Nd1 Nf6 18. Nf2 Qb6 19. b3 O-O-O 20. Bg4+ Kb8 21. Bf5 Rdg8 22. Nd3 Rg3 23. Nxe5 dxe5 24. Rh4 h5 25. Rf1 Rhg8 26. Rf2 Qd6 27. Kh2 R3g7 28. Qe2 e6 29. Bg4 exd5 30. Bxh5 dxe4 31. Rxe4 Nxe4 32. Qxe4 Qd4 33. Qc2 e4 34. Bg4 e3 35. Rf5 Rxg4 36. hxg4 Qxg4 37. Rf3 Qh4+ 38. Kg1 Re8 39. Qe2 Qg4 40. Kf1 f5 41. Rh3 Qe4 42. Kg1 f4 43. Kh2 a6 44. Rh5 Ka7 45. Rh3 Qe5 46. Kg1 Rd8 47. Rh7 Qe4 48. Qh5 e2 49. Qxc5+ Ka8 0-1

[Event "WTCC-65 2018"]
[Site "Radebeul"]
[Date "2018.07.09"]
[Round "3"]
[White "Just, Fred"]
[Black "Vucenovic, Dragomir"]
[Result "0-1"]
[ECO "D05"]
[WhiteElo "2116"]
[BlackElo "2186"]
[Annotator "NA"]
[PlyCount "94"]
[EventDate "2018.07.07"]
[EventType "team-tourn"]
[EventCountry "GER"]
[SourceTitle "playchess.com"]
[Source "ChessBase"]
[SourceQuality "1"]
[TimeControl "40/5400+30:1800+30"]

1. d4 d5 2. Nf3 Nf6 3. e3 e6 4. c4 Nbd7 5. Nc3 Be7 6. b3 O-O 7. Bd3 c5 8. O-O b6 9. cxd5 exd5 10. Bb2 Bb7 11. Rc1 Rc8 12. Bf5 g6 13. Bh3 Rb8 14. Ne5 Nxe5 15. dxe5 Ne8 16. Ne2 Ng7 17. Qd2 f5 18. exf6 Bxf6 19. Rfd1 Bxb2 20. Qxb2 Qe7 21. Rd2 Rbd8 22. Rcd1 g5 23. Qc3 h5 24. f3 Rde8 25. e4 d4 26. Qc4+ Qf7 27. Qxf7+ Rxf7 28. Ng3 Bc8 29. Bxc8 Rxc8 30. Rc1 Rfc7 31. Ne2 h4 32. f4 gxf4 33. Nxf4 Rf7 34. Ng6 Re8 35. Nxh4 Rxe4 36. Nf3 Ne6 37. h4 Rg7 38. Kf2 Reg4 39. Kf1 Nf4 40. Re1 Nxg2 41. Re8+ Kf7 42. Ne5+ Kxe8 43. Nxg4 Rxg4 44. Rxg2 Rxg2 45. Kxg2 b5 46. Kf3 c4 47. bxc4 bxc4 0-1

[Event "WTCC-65 2018"]
[Site "Radebeul"]
[Date "2018.07.09"]
[Round "3"]
[White "Seibold, Hubert"]
[Black "Gruzmann, Boris"]
[Result "1/2-1/2"]
[ECO "A49"]
[WhiteElo "2113"]
[BlackElo "2176"]
[Annotator "NA"]
[PlyCount "95"]
[EventDate "2018.07.07"]
[EventType "team-tourn"]
[EventCountry "GER"]
[SourceTitle "playchess.com"]
[Source "ChessBase"]
[SourceQuality "1"]
[TimeControl "40/5400+30:1800+30"]

1. d4 Nf6 2. Nf3 g6 3. g3 Bg7 4. Bg2 O-O 5. O-O d6 6. c4 Nc6 7. b3 Bg4 8. Bb2 Qd7 9. Nc3 Bh3 10. e4 Bxg2 11. Kxg2 Nh5 12. d5 Nd8 13. Qd2 e5 14. dxe6 fxe6 15. Ng1 e5 16. c5 Ne6 17. cxd6 cxd6 18. Nd5 Rf7 19. Rac1 Raf8 20. f3 Nf6 21. Ne2 Nxd5 22. Qxd5 Ng5 23. Ng1 h5 24. f4 Ne6 25. fxe5 dxe5 26. Qxd7 Rxd7 27. Rxf8+ Nxf8 28. Nf3 Ne6 29. Rc8+ Kh7 30. Re8 Nc7 31. Rb8 Na6 32. Ra8 Nc5 33. Ng5+ Kh6 34. Bc1 Nd3 35. Be3 b6 36. Nf7+ Kh7 37. Ng5+ Kh6 38. Ne6+ Kh7 39. h4 Ne1+ 40. Kf2 Nc2 41. Ng5+ Kh6 42. Re8 Nxe3 43. Kxe3 Rc7 44. Kd3 Rd7+ 45. Kc3 Rc7+ 46. Kd3 Rd7+ 47. Kc3 Rc7+ 48. Kd3 1/2-1/2

[Event "WTCC-65 2018"]
[Site "Radebeul"]
[Date "2018.07.09"]
[Round "3"]
[White "Gundersen, Helge Folmer"]
[Black "Stebbings, Anthony J"]
[Result "0-1"]
[ECO "B23"]
[WhiteElo "2089"]
[BlackElo "2257"]
[Annotator "NA"]
[PlyCount "100"]
[EventDate "2018.07.07"]
[EventType "team-tourn"]
[EventCountry "GER"]
[SourceTitle "playchess.com"]
[Source "ChessBase"]
[SourceQuality "1"]
[TimeControl "40/5400+30:1800+30"]

1. Nc3 c5 2. e4 Nc6 3. f4 g6 4. Nf3 Bg7 5. Bb5 Nd4 6. O-O {[%emt 0:00:09] LiveBook: 708 Games} a6 7. Be2 {[%emt 0:06:21] B23: Closed Sicilian: Lines without g3} (7. Bd3 Nc6 8. e5 d6 9. Qe2 dxe5 10. fxe5 Nh6 11. Kh1 Bg4 12. Be4 Rc8 13. d3 Nf5 14. e6 f6 15. Qf2 {1-0 (37) Petrosian,T (2648)-Jaracz,P (2548) Warsaw 2012}) 7... e6 8. a4 Ne7 9. e5 d6 10. exd6 Qxd6 11. Ne4 $146 ({Predecessor:} 11. d3 O-O 12. Ne4 Qc7 13. c3 Nxe2+ 14. Qxe2 b6 15. a5 {½-½ (44) Hoennekes,K (1933)-Roeder,G (2094) Bergen 2011}) 11... Qxf4 12. Nfg5 Qe5 13. Nxf7 Nxe2+ 14. Qxe2 Qd4+ 15. Kh1 O-O 16. Nfd6 {[%emt 0:05:04] [#]} Rxf1+ $1 17. Qxf1 Nf5 18. c3 Qd5 19. Qc4 Nxd6 20. Qxd5 exd5 21. Nxd6 b6 22. d3 (22. Nxc8 $15 Rxc8 23. d3) 22... Bg4 23. Bf4 Rf8 24. g3 {[%emt 0:00:48] [#]} Rd8 $1 25. a5 Bf8 26. axb6 Bxd6 27. Bxd6 Rxd6 28. Rxa6 Bf3+ 29. Kg1 d4 30. b7 Rd8 31. Rd6 Rb8 32. cxd4 cxd4 33. Rxd4 Rxb7 34. b4 Bc6 35. Kf2 Kf7 36. Ke3 Ke6 37. Kf4 Rb5 38. Rc4 Rf5+ 39. Ke3 Re5+ 40. Kf4 Rf5+ 41. Ke3 Kd6 42. Rh4 h5 43. Rd4+ Rd5 44. Rxd5+ Kxd5 45. Kf4 Bb5 46. Ke3 Ke5 47. h3 Kd5 48. d4 Bd7 49. b5 Bxb5 50. Kf4 Kxd4 0-1

[Event "WTCC-65 2018"]
[Site "Radebeul"]
[Date "2018.07.09"]
[Round "3"]
[White "Hohler, Peter"]
[Black "Mueller, Horst"]
[Result "1/2-1/2"]
[ECO "D46"]
[WhiteElo "2073"]
[BlackElo "2180"]
[Annotator "NA"]
[PlyCount "93"]
[EventDate "2018.07.07"]
[EventType "team-tourn"]
[EventCountry "GER"]
[SourceTitle "playchess.com"]
[Source "ChessBase"]
[SourceQuality "1"]
[TimeControl "40/5400+30:1800+30"]

1. d4 Nf6 2. c4 e6 3. Nf3 d5 4. Nc3 c6 5. e3 Be7 6. Bd3 Nbd7 7. O-O O-O 8. b3 b6 9. Bb2 Bb7 10. Qe2 c5 11. Rfd1 Rc8 12. Rac1 Re8 13. cxd5 exd5 14. Ba6 Qc7 15. Bxb7 Qxb7 16. dxc5 Nxc5 17. Nd4 g6 18. Qf1 Red8 19. Nde2 Ne6 20. h3 a6 21. Nd4 Nc5 22. Nf3 Nce4 23. Ne2 Rxc1 24. Rxc1 Rc8 25. Rxc8+ Qxc8 26. Qc1 Qxc1+ 27. Nxc1 Nd7 28. Kf1 f6 29. Nd4 Kf7 30. f3 Nec5 31. Ke2 Bd6 32. Nd3 Be5 33. Nb4 Ke7 34. Nxd5+ Kd6 35. Nb4 f5 36. Nd3 Nxd3 37. Kxd3 Nc5+ 38. Kc2 Kd5 39. Ne2 Bc7 40. Nc1 Ne6 41. Ne2 b5 42. Nd4 Nc5 43. Ne2 Ne6 44. Nd4 Nc5 45. Ne2 Ne6 46. Bd4 b4 47. Kd3 1/2-1/2

[Event "WTCC-65 2018"]
[Site "Radebeul"]
[Date "2018.07.10"]
[Round "4"]
[White "Boidman, Yuri"]
[Black "Just, Fred"]
[Result "1-0"]
[ECO "B10"]
[WhiteElo "2358"]
[BlackElo "2116"]
[Annotator "NA"]
[PlyCount "109"]
[EventDate "2018.07.07"]
[EventType "team-tourn"]
[EventCountry "GER"]
[SourceTitle "playchess.com"]
[Source "ChessBase"]
[SourceQuality "1"]
[TimeControl "40/5400+30:1800+30"]

1. e4 c6 2. c4 e5 3. Nf3 d6 4. d4 Nd7 5. Nc3 Ngf6 6. g3 Be7 7. Bg2 a6 {[%emt 0:08:31] A55: Altindisch} 8. c5 $146 ({Vorgänger:} 8. O-O O-O 9. Qc2 Qc7 10. h3 b6 11. Rd1 Bb7 12. Be3 exd4 13. Nxd4 g6 14. Nde2 Rac8 15. Rac1 Rfe8 16. Qd2 Qb8 17. Bg5 {1-0 (41) Patuzzo,F (2356)-Hickl,J (2628) Switzerland 2014}) 8... exd4 9. cxd6 dxc3 10. dxe7 Qxe7 11. O-O O-O 12. Re1 Ne5 13. Nxe5 Qxe5 14. Bf4 Qa5 15. bxc3 Be6 16. Qb1 b5 17. Qb4 Qb6 18. Bd6 Rfe8 19. a4 a5 20. Qa3 Bc4 21. Bc5 Qc7 22. axb5 cxb5 23. Bd6 Qc6 24. e5 Nd5 25. Rad1 b4 26. cxb4 axb4 27. Qc1 Qb5 28. Rd4 Rac8 29. Qd2 Ne7 30. Bh3 Be6 31. Bxe6 fxe6 32. Bxe7 Rxe7 33. Rxb4 Qc5 34. Qd6 Rf7 35. Qxc5 Rxc5 36. Rb8+ Rf8 37. Rxf8+ Kxf8 38. Kg2 g5 39. g4 Kf7 40. Kg3 Kg6 41. h4 Rc3+ 42. Re3 Rxe3+ 43. fxe3 h5 44. hxg5 Kxg5 45. gxh5 Kxh5 46. Kf4 Kh4 47. Ke4 Kg4 {[%emt 0:00:00] [#]} 48. Kd3 $1 Kg5 49. Kc4 Kf5 50. Kd4 Kg6 51. Kc5 Kf7 52. Kd6 Kf8 53. Kxe6 Ke8 54. Kd6 Kd8 55. e6 1-0

[Event "WTCC-65 2018"]
[Site "Radebeul"]
[Date "2018.07.10"]
[Round "4"]
[White "Sharif, Mehrshad"]
[Black "Dickhoff, Ronald"]
[Result "1/2-1/2"]
[ECO "A06"]
[WhiteElo "2353"]
[BlackElo "2100"]
[Annotator "NA"]
[PlyCount "83"]
[EventDate "2018.07.07"]
[EventType "team-tourn"]
[EventCountry "GER"]
[SourceTitle "playchess.com"]
[Source "ChessBase"]
[SourceQuality "1"]
[TimeControl "40/5400+30:1800+30"]

1. Nf3 d5 2. g3 c6 3. Bg2 Bg4 4. O-O Nd7 5. h3 Bh5 6. d4 e6 7. c4 Ngf6 8. cxd5 cxd5 9. Qb3 Bxf3 10. Bxf3 Qb6 11. Nc3 Be7 12. e4 dxe4 13. Nxe4 O-O 14. Qxb6 Nxb6 15. Nc5 Rad8 16. Nxb7 Rxd4 17. Rd1 Rxd1+ 18. Bxd1 Nc4 19. Be2 Rb8 20. Bxc4 Rxb7 21. Be3 Nd5 22. Bxd5 exd5 23. Rc1 h6 24. Bd4 Rb4 25. Rd1 Rc4 26. Bc3 Bb4 27. Bxb4 Rxb4 28. b3 Rb5 29. Rc1 a5 30. Rc8+ Kh7 31. Ra8 Kg6 32. Kf1 Rc5 33. Ke1 Kf5 34. Kd2 h5 35. Ra7 Ke6 36. Kd3 g6 37. Ra6+ Ke5 38. f4+ Kf5 39. Kd4 Rb5 40. Rd6 h4 41. gxh4 Rb4+ 42. Kd3 1/2-1/2